 Dungeon Crawl Stone Soup version 0.30-a0-1163-gf69bf04e7a (webtiles) character file.

Game seed: 1420194534702965957

133660 Mesmaeker13 the Martial Artist (level 17, -12/147 HPs)
             Began as an Octopode Transmuter on Apr 28, 2023.
             Was the Champion of Wu Jian.
             Killed from afar by a will-o-the-wisp (36 damage)
             ... with a foxfire
             ... on level 2 of the Swamp.
             The game lasted 01:38:15 (36495 turns).

Mesmaeker13 the Martial Artist (OpTm)              Turns: 36495, Time: 01:38:16

Health: -12/147    AC: 17    Str: 18    XL:     17   Next: 15%
Magic:  18/25      EV: 15    Int: 20    God:    Wu Jian [******]
Gold:   1597       SH:  5    Dex: 19    Spells: 4/26 levels left

rFire   x . .        J - melded staff of cold
rCold   + + +        (shield currently unavailable)
rNeg    + . .        M - melded +2 hat
rPois   +            P - amulet of reflection
rElec   .            D - ring of resist corrosion
rCorr   +            E - ring of positive energy
SInv    +            t - +6 ring of dexterity
Will    +....        j - +4 ring of protection
Stlth   ++           b - +5 ring of evasion
HPRegen 0.44/turn    Q - ring of see invisible
MPRegen 0.19/turn    S - +6 ring of strength
                     (no ring)

%: reflection
@: ice-form
A: freezing attack, boosted hp, almost no armour, amphibious, 8 rings, large,
(camouflage 1), (gelatinous body 1), (nimble swimmer 1), (tentacles)
a: End Transformation, Renounce Religion, Wall Jump, Serpent's Lash, Heavenly
Storm


You were on level 2 of the Swamp.
You worshipped Wu Jian.
Wu Jian was exalted by your worship.
You were a creature of crystalline ice.
You visited 5 branches of the dungeon, and saw 25 of its levels.
You also visited: Ossuary and Ice Cave.

You collected 2953 gold pieces.
You spent 1356 gold pieces at shops.

Inventory:

Hand Weapons
 A - a +2 scimitar of flaming
 N - a +2 spear of venom
Missiles
 e - a throwing net (quivered)
 F - 14 curare-tipped darts
Armour
 M - a +2 hat (melded)
Magical Staves
 a - a staff of air
 J - a staff of cold (melded)
Jewellery
 b - a +5 ring of evasion (on tentacle)
 j - a +4 ring of protection (on tentacle)
 t - a +6 ring of dexterity (on tentacle)
 D - a ring of resist corrosion (left front paw)
 E - a ring of positive energy (right front paw)
 P - an amulet of reflection (around neck)
 Q - a ring of see invisible (on tentacle)
 S - a +6 ring of strength (on tentacle)
 X - a ring of poison resistance
Wands
 m - a wand of digging (6)
 C - a wand of paralysis (8)
Scrolls
 f - 3 scrolls of fog
 l - 7 scrolls of magic mapping
 n - 6 scrolls of immolation
 o - a scroll of fear
 u - 3 scrolls of silence
 y - a scroll of enchant armour
 z - 4 scrolls of teleportation
 G - a scroll of summoning
 H - 5 scrolls of poison
 U - 3 scrolls of identify
 V - a scroll of amnesia
 W - a scroll of blinking
Potions
 c - a potion of ambrosia
 d - a potion of haste
 g - 2 potions of mutation
 h - 6 potions of curing
 i - 2 potions of cancellation
 k - 2 potions of might
 p - a potion of resistance
 q - 3 potions of attraction
 r - 4 potions of brilliance
 v - 3 potions of heal wounds
 w - 5 potions of flight
 B - 2 potions of lignification
 I - 2 potions of berserk rage
 T - 3 potions of magic
Miscellaneous
 s - a lightning rod (4/4)
 x - a tin of tremorstones (1/2)
 K - a phantom mirror
 L - a phial of floods (inert)
 O - a box of beasts


   Skills:
 + Level 13.5 Fighting
 - Level 2.0 Dodging
 + Level 13.8 Unarmed Combat
 + Level 5.4 Spellcasting
 - Level 9.0 Conjurations
 + Level 13.7 Transmutations
 - Level 11.3 Ice Magic
 - Level 9.0 Air Magic
 * Level 10.2 Earth Magic


You had 4 spell levels left.
You knew the following spells:

 Your Spells              Type           Power      Damage    Failure   Level
a - Irradiate             Conj/Tmut      25%        3d20      2%          5
b - Wereblood             Tmut           57%        N/A       1%          2
c - Ice Form              Ice/Tmut       53%        N/A       1%          4
d - Freezing Cloud        Conj/Ice/Air   22%        6-21      5%          5
e - Statue Form           Tmut/Erth      34%        N/A       12%         6

Your spell library contained the following spells:

 Spells                   Type           Power      Damage    Failure   Level
 Beastly Appendage        Tmut           100%       N/A       1%          1
 Freeze                   Ice            100%       1d10      1%          1
 Ensorcelled Hibernation  Hex/Ice        56%        N/A       1%          2
 Passwall                 Tmut/Erth      43%        N/A       1%          2
 Static Discharge         Conj/Air       82%        2-6/arc   1%          2
 Frozen Ramparts          Ice            100%       1d16      1%          3
 Hailstorm                Conj/Ice       46%        3d11      1%          3
 Spider Form              Tmut/Pois      32%        N/A       1%          3
 Swiftness                Air            41%        N/A       1%          3
 Petrify                  Tmut/Erth      52%        N/A       1%          4
 Airstrike                Air            20%        2d(3-19)  2%          4
 Cigotuvi's Dreadful Rot  Necr/Pois/Air  34%        N/A       4%          2
 Ignite Poison            Fire/Tmut/Pois 23%        N/A       4%          3
 Vhi's Electric Charge    Tloc/Air       46%        N/A       5%          3
 Leda's Liquefaction      Hex/Erth       13%        N/A       13%         4
 Sublimation of Blood     Necr           5%         N/A       17%         2
 Sticky Flame             Conj/Fire      23%        2d4       17%         4
 Summon Lightning Spire   Summ/Air       23%        N/A       17%         4
 Inner Flame              Hex/Fire       5%         N/A       32%         3
 Lee's Rapid Deconstruct  Erth           23%        3d13*     4%          5
 Arcjolt                  Conj/Air       20%        1d30      8%          5
 Iskenderun's Battlesphe  Conj           41%        2d9       8%          5
 Alistair's Intoxication  Tmut/Pois      21%        N/A       19%         5
 Yara's Violent Unravell  Hex/Tmut       16%        3d8       19%         5
 Borgnjor's Vile Clutch   Necr/Erth      13%        N/A       36%         5
 Conjure Ball Lightning   Conj/Air       20%        3x3d6     38%         6
 Fireball                 Conj/Fire      11%        3d7       43%         5
 Ozocubu's Refrigeration  Ice            25%        4d13      65%         7
 Eringya's Noxious Bog    Tmut/Pois      16%        N/A       71%         6
 Simulacrum               Ice/Necr       14%        N/A       86%         6
 Orb of Destruction       Conj           20%        9d8       93%         7
 Plasma Beam              Fire/Air       11%        2x1d24    95%         6
 Enfeeble                 Hex            2%         N/A       100%        7
 Summon Hydra             Summ           2%         N/A       100%        7
 Ignition                 Fire           2%         3d3       100%        8
 Maxwell's Capacitive Co  Air            20%        ∞         100%        8
 Polar Vortex             Ice            25%        N/A       100%        9


Dungeon Overview and Level Annotations

Branches:
Dungeon (15/15)            Temple (1/1) D:6            Lair (5/5) D:11
  Swamp (2/4) Lair:2       Spider (0/4) Lair:3        Slime (0/5) Lair:5
    Orc (2/2) D:11            Elf (0/3) Orc:2        Vaults (0/5) D:14
 Depths (0/4) D:15        Ossuary (visited)           IceCv (visited)

Altars:
Ashenzari
Cheibriados
Dithmenos
Elyvilon
Fedhas
Gozag
Hepliaklqana
Kikubaaqudgha
Makhleb
Nemelex Xobeh
Okawaru
Qazlal
Ru
Sif Muna
Trog
Uskayaw
Vehumet
Wu Jian
Xom
Yredelemnul
Zin
The Shining One
Jiyva

Shops:
D:4 :   Orc:2 (=*[(

Portals:
Hell: Lair:5
Trove: D:13 (give +6 demon blade)

Annotations:
D:8 3 runed translucent doors, bmj180's ghost, novice DrFE
D:9 2 transporters, Takeo's ghost, journeyman DjFE
D:11 3 runed translucent doors, kae's ghost, journeyman MfTm
D:12 1 exclusion


Innate Abilities, Weirdness & Mutations

You are a creature of crystalline ice.
You have a powerful freezing melee attack.
Your maximum health is increased.
Your armour is entirely melded.
You are incapable of wielding weapons or throwing items.
You cannot wear most types of armour.
You are amphibious.
You can wear up to eight rings at the same time.
((Your skin changes colour to match your surroundings (Stealth+).))
((Your rubbery body absorbs attacks. (AC +1, EV +1)))
((You are camouflaged when in or above water. (Stealth+)))
((You have tentacles for arms and can constrict up to eight enemies at once.))


Message History

A spriggan rider comes into view. It is wielding a +0 spear.
You enter the shallow water.
Found a scroll of blinking.
You lunge at the will-o-the-wisp.
The spriggan rider shouts!
You punch the will-o-the-wisp! You freeze the will-o-the-wisp.
The will-o-the-wisp is heavily damaged.
The will-o-the-wisp closely misses you.
Unknown command.
You hit the will-o-the-wisp but do no damage.
The will-o-the-wisp is moderately damaged.
The will-o-the-wisp gestures.
The will-o-the-wisp conjures some foxfire!
The spriggan rider hits you but does no damage. 2 foxfires come into view.
You spin and attack the foxfire.
You hit the foxfire. You freeze the foxfire.
The foxfire is lightly damaged.
The foxfire hits you!! The fire burns you terribly! The foxfire hits you!!
The fire burns you terribly!
The will-o-the-wisp gestures.
The will-o-the-wisp conjures some foxfire! 2 foxfires come into view.
Casting: Ice Form (mildly dangerous; 1% risk of failure)
Confirm with . or Enter, or press ? or * to list all spells.
Aiming: Freezing Cloud (dangerous; 5% risk of failure)
Press: ? - help, Dir - move target, f - will-o-the-wisp
Aim: a will-o-the-wisp (moderately damaged) That beam is likely to hit you.
Continue anyway?
The foxfire is engulfed in freezing vapours. x2
The foxfire hits you!!! The fire burns you terribly!
The foxfire is engulfed in freezing vapours.
The foxfire hits you!!! The fire burns you terribly!
* * * LOW HITPOINT WARNING * * *
The spriggan rider is engulfed in freezing vapours.
The will-o-the-wisp is engulfed in freezing vapours.
The will-o-the-wisp gestures.
The will-o-the-wisp conjures some foxfire! 2 foxfires come into view.
The foxfire is engulfed in freezing vapours. x5
The foxfire hits you!!! The fire burns you terribly!
You die...

♣ .♣ ♣♣♣? ♣♣..~ ♣♣♣♣♣♣ ♣♣..~~
##♣ ♣♣.♣♣.♣♣ .♣...~~♣♣♣#Y♣♣
♣...§~.♣
~.~~...)♣§v#.♣♣♣♣~...~♣
~~.~~~.§vv##..♣♣...~.♣♣
~~~~~~§§§§##...♣♣...~~♣♣
♣.~~....~♣.§§§##....§......♣♣
♣♣.~~♣..#
##.?.######..~..~~.♣ ♣...>♣.
########.###.~.~..♣♣ ♣.~~.♣
##....§†)§..~..♣♣♣ ♣.~~~♣♣ ~.
#...)..~....♣..♣.♣


You could see a will-o-the-wisp.

Vanquished Creatures
  A thorn hunter (Swamp:2)
  2 orc warlords
  A very ugly thing (D:15)
  A dire elephant (Lair:5)
  A deep elf annihilator (D:11)
  The ghost of kae the Martial Artist, a journeyman DgTm (Lair:5)
  A rakshasa (D:15)
  11 hydras
  Fannar (D:9)
  4 catoblepae
  An ogre mage (D:12)
  2 dancing weapons
  8 centaur warriors
  5 boulder beetles
  3 two-headed ogres
  6 alligators
  5 orc high priests (Orc:2)
  A sun demon (Lair:5)
  3 skysharks
  3 skeletal warriors
  2 spriggan druids
  3 goliath frogs
  Lodul (D:13)
  A pharaoh ant (Lair:3)
  A glowing orange brain (D:15)
  10 bog bodies
  A wizard (Lair:5)
  5 lindwurms
  5 orc knights
  A necromancer (IceCv)
  A spriggan simulacrum (IceCv)
  6 deep elf pyromancers
  2 cyclopes
  5 ugly things
  8 manticores
  7 orc sorcerers
  Maurice (Orc:1)
  15 elephants
  10 black mambas
  2 orange demons (Lair:5)
  2 gargoyles
  11 cane toads
  2 kobold demonologists
  6 rime drakes
  2 unseen horrors
  An efreet (D:13)
  3 yaktaurs (D:15)
  2 golden dragon simulacra (IceCv)
  7 ice devils
  17 freezing wraiths
  6 komodo dragons
  3 anaconda simulacra (IceCv)
  A red devil (Lair:5)
  4 hornets
  A hellwing (Lair:5)
  5 polar bears
  A tarantella (Lair:3)
  4 trolls
  Grinder (D:5)
  8 tyrant leeches
  24 slime creatures
  11 blink frogs
  A jumping spider (Lair:3)
  A vampire (D:13)
  7 dire elephant simulacra (IceCv)
  4 spriggans
  8 wraiths
  A spriggan (shapeshifter) (D:15)
  A water elemental (D:11)
  A shadow (D:10)
  8 wyverns
  47 yaks
  Eustachio (D:6)
  3 fire bats (Lair:2)
  A steam dragon (D:9)
  4 basilisks
  15 vampire mosquitoes
  A minotaur simulacrum (IceCv)
  Menkaure (D:5)
  3 harpy simulacra (IceCv)
  6 wargs
  4 acid dragons
  4 swamp worms
  14 water moccasins
  3 hell hounds (Lair:5)
  A hydra simulacrum (IceCv)
  2 swamp drakes
  46 orc warriors
  7 ice beasts
  A sky beast (D:7)
  3 black bears
  An alligator simulacrum (IceCv)
  3 boggarts (D:15)
  3 ettin simulacra (IceCv)
  7 wolves
  12 centaurs
  14 ogres
  Blork the orc (D:5)
  A kobold brigand (D:6)
  2 phantoms
  An elf zombie (Ossuary)
  18 bullfrogs
  2 gnoll sergeants
  3 scorpions
  9 wights
  A hornet simulacrum (D:14)
  2 lindwurm simulacra (IceCv)
  4 killer bees (D:7)
  4 electric eels
  9 howler monkeys
  Crazy Yiuf (D:6)
  2 gnoll boudas
  2 human zombies (Ossuary)
  2 jellies
  A hound (D:5)
  31 orc priests
  3 sleepcaps
  2 iguanas
  36 orc wizards
  A hound zombie (Ossuary)
  4 mummies (Ossuary)
  18 gnolls
  5 adders
  A white imp (D:7)
  An ufetubus (D:6)
  4 worms
  2 dart slugs
  101 orcs
  3 ball pythons
  7 bats
  2 endoplasms
  6 giant cockroaches
  6 goblins
  4 hobgoblins
  4 quokkas
  6 frilled lizards
  A goblin zombie (Ossuary)
  2 jackal zombies (Ossuary)
  9 kobolds
  An orc zombie (Ossuary)
  6 rats
  4 rat zombies (Ossuary)
  3 briar patches (Swamp:2)
847 creatures vanquished.

Vanquished Creatures (collateral kills)
  A boulder beetle (D:11)
  2 vampire mosquitoes (D:14)
3 creatures vanquished.

Vanquished Creatures (others)
  A yak (Lair:5)
  A briar patch (Swamp:2)
  4 foxfires (Swamp:2)
  25 fungi
  92 plants
123 creatures vanquished.

Grand Total: 973 creatures vanquished

Notes
Turn   | Place    | Note
-------+----------+-------------------------------------------
     0 | D:1      | Mesmaeker13 the Octopode Transmuter began the quest for the
                  | Orb.
     0 | D:1      | Reached XP level 1. HP: 13/13 MP: 3/3
   439 | D:1      | Reached XP level 2. HP: 18/18 MP: 3/5
   828 | D:1      | Learned a level 2 spell: Wereblood
   862 | D:2      | Found a sparkling altar of Nemelex Xobeh.
   894 | D:2      | Reached XP level 3. HP: 23/24 MP: 3/6
  1193 | D:2      | Reached XP level 4. HP: 29/29 MP: 5/7
  1808 | D:3      | Learned a level 4 spell: Ice Form
  1939 | D:3      | Found a glowing silver altar of Zin.
  1989 | D:3      | Found a faded altar of an unknown god.
  2355 | D:3      | Found a basalt altar of Yredelemnul.
  2357 | D:3      | Found a snail-covered altar of Cheibriados.
  2359 | D:3      | Found an ancient bone altar of Kikubaaqudgha.
  2366 | D:3      | Found a shimmering blue altar of Sif Muna.
  2367 | D:3      | Found a shimmering altar of Xom.
  2699 | D:4      | Found a sand-covered staircase.
  2722 | Ossuary  | Entered an ossuary
  2734 | Ossuary  | Reached XP level 5. HP: 35/35 MP: 5/8
  2747 | Ossuary  | Reached skill level 1 in Ice Magic
  2771 | Ossuary  | Reached XP level 6. HP: 42/42 MP: 7/9
  3391 | D:4      | Found Jumeycsu's Book Shoppe.
  3639 | D:5      | Entered Level 5 of the Dungeon
  3867 | D:5      | Noticed Blork the orc
  3955 | D:5      | Noticed Menkaure
  4152 | D:5      | Killed Blork the orc
  4153 | D:5      | Reached XP level 7. HP: 40/47 MP: 1/10
  4314 | D:5      | Noticed Grinder
  4452 | D:5      | Killed Grinder
  4453 | D:5      | Reached skill level 5 in Unarmed Combat
  4655 | D:5      | Killed Menkaure
  4656 | D:5      | Reached XP level 8. HP: 31/54 MP: 6/11
  4827 | D:5      | Reached skill level 5 in Transmutations
  4927 | D:5      | Found a hide-covered altar of Uskayaw.
  5101 | D:6      | Reached skill level 5 in Fighting
  5279 | D:6      | Noticed Eustachio
  5516 | D:6      | Killed Eustachio
  5517 | D:6      | Reached skill level 5 in Ice Magic
  5517 | D:6      | Reached XP level 9. HP: 62/62 MP: 7/12
  5631 | D:6      | Found a staircase to the Ecumenical Temple.
  5645 | Temple   | Entered the Ecumenical Temple
  5652 | Temple   | Became a worshipper of the Wu Jian Council
  5748 | D:6      | Found a runed translucent door.
  5749 | D:6      | Noticed Crazy Yiuf
  5755 | D:6      | Killed Crazy Yiuf
  6069 | D:4      | Bought a Trismegistus Codex for 312 gold pieces
  6076 | D:4      | Learned a level 5 spell: Freezing Cloud
  6238 | D:7      | Reached skill level 1 in Air Magic
  6264 | D:7      | Found a blossoming altar of Fedhas.
  6408 | D:7      | Reached skill level 1 in Conjurations
  6499 | D:7      | Reached * piety under Wu Jian
  7105 | D:8      | Reached XP level 10. HP: 69/69 MP: 8/13
  7738 | D:8      | Reached ** piety under Wu Jian
  7763 | D:8      | Found a runed translucent gate.
  7764 | D:8      | Found a runed translucent gate.
  7764 | D:8      | Found a runed translucent gate.
  7855 | D:8      | Noticed bmj180's ghost (novice DrFE)
  8047 | D:8      | Found a broken altar of Ashenzari.
  8643 | D:9      | Noticed a two-headed ogre
  8649 | D:9      | Killed a two-headed ogre
  8694 | D:9      | Noticed a kobold demonologist
  8711 | D:9      | Killed a kobold demonologist
  8730 | D:9      | Found a transporter.
  8730 | D:9      | Noticed Takeo's ghost (journeyman DjFE)
  8731 | D:9      | Found a transporter.
  8731 | D:9      | Identified the +1 giant spiked club of the Curious Runes
                  | {heavy, rElec rF+ Str+2 Dex+3}
  8731 | D:9      | Noticed a two-headed ogre
  8731 | D:9      | Noticed a two-headed ogre
  8732 | D:9      | Noticed a two-headed ogre
  8826 | D:9      | Reached XP level 11. HP: 75/75 MP: 10/14
  9133 | D:9      | Found a burning altar of Makhleb.
  9133 | D:9      | Found a faded altar of an unknown god.
  9140 | D:9      | Found a radiant altar of Vehumet.
  9142 | D:9      | Found a faded altar of an unknown god.
  9144 | D:9      | Found a glowing golden altar of the Shining One.
  9733 | D:10     | Entered Level 10 of the Dungeon
  9766 | D:10     | Noticed a two-headed ogre
 10233 | D:9      | Killed a two-headed ogre
 10244 | D:9      | Reached skill level 5 in Air Magic
 10361 | D:10     | Noticed Fannar
 10396 | D:9      | Killed Fannar
 10397 | D:9      | Reached skill level 5 in Conjurations
 10662 | D:10     | Reached *** piety under Wu Jian
 11133 | D:11     | Noticed an orc sorcerer
 11142 | D:11     | Noticed a sun demon
 11264 | D:11     | Noticed a deep elf annihilator
 11318 | D:11     | Killed an orc sorcerer
 11588 | D:11     | Killed a deep elf annihilator
 11811 | D:11     | Found a staircase to the Orcish Mines.
 11985 | D:11     | Noticed a boulder beetle
 12222 | D:11     | Found a runed translucent gate.
 12222 | D:11     | Found a runed translucent gate.
 12222 | D:11     | Found a runed translucent gate.
 12223 | D:11     | Noticed a 12-headed hydra
 12225 | D:11     | Noticed kae's ghost (journeyman MfTm)
 12356 | D:11     | Reached XP level 12. HP: 84/84 MP: 13/15
 12361 | D:11     | Found a staircase to the Lair.
 12370 | Lair:1   | Entered Level 1 of the Lair of Beasts
 12605 | Lair:1   | Noticed a boulder beetle
 12605 | Lair:1   | Noticed a catoblepas
 13034 | Lair:1   | Killed a boulder beetle
 13034 | Lair:1   | Reached **** piety under Wu Jian
 13406 | D:11     | Killed a boulder beetle
 13723 | D:11     | You fall into a shaft and drop 2 floors!
 13738 | D:13     | Noticed a centaur warrior
 13749 | D:13     | Killed a centaur warrior
 13757 | D:13     | HP: 2/102 [skeletal warrior/+0 battleaxe (17)]
 13988 | D:13     | Noticed Lodul
 14183 | D:13     | Noticed a centaur warrior
 14203 | D:13     | Killed a centaur warrior
 14259 | D:13     | Killed Lodul
 14557 | D:12     | Reached skill level 10 in Unarmed Combat
 14985 | Lair:1   | Killed a catoblepas
 15049 | Lair:1   | Reached XP level 13. HP: 91/91 MP: 16/16
 15609 | Lair:1   | Learned a level 5 spell: Irradiate
 15630 | Lair:2   | Found a staircase to the Swamp.
 15659 | Lair:1   | Reached skill level 10 in Transmutations
 15948 | Lair:2   | Found a dark tunnel.
 16076 | Lair:2   | Reached ***** piety under Wu Jian
 16180 | Lair:2   | Reached skill level 10 in Fighting
 17638 | Lair:3   | Found a hole to the Spider Nest.
 18157 | Lair:3   | Reached skill level 10 in Ice Magic
 19073 | Lair:3   | Reached XP level 14. HP: 99/99 MP: 8/17
 20751 | Lair:5   | Entered Level 5 of the Lair of Beasts
 21179 | Lair:5   | Found a runed translucent gate.
 21180 | Lair:5   | Found a runed translucent gate.
 21180 | Lair:5   | Found a runed translucent gate.
 21289 | Lair:5   | Noticed kae's ghost (journeyman DgTm)
 21969 | Lair:5   | Found a viscous altar of Jiyva.
 21970 | Lair:5   | Found a staircase to the Slime Pits.
 22587 | Lair:5   | Noticed a dire elephant
 23341 | Lair:5   | Killed a dire elephant
 23580 | Lair:5   | Found a burning altar of Makhleb.
 23663 | Lair:5   | Reached XP level 15. HP: 80/107 MP: 15/21
 23763 | Lair:5   | Found a gateway to Hell.
 23770 | Lair:5   | Identified the ring of Ommun {Ice rPois Will- rCorr Dex+4}
 23937 | Lair:5   | Killed kae's ghost
 24171 | Lair:1   | Learned a level 6 spell: Statue Form
 24312 | Orc:1    | Entered Level 1 of the Orcish Mines
 24312 | Orc:1    | Noticed Maurice
 24458 | Orc:1    | Killed Maurice
 24553 | Orc:2    | Entered Level 2 of the Orcish Mines
 24565 | Orc:2    | Reached ****** piety under Wu Jian
 24576 | Orc:2    | Reached skill level 1 in Earth Magic
 24892 | Orc:1    | Noticed an orc warlord
 25138 | Orc:2    | Found a staircase to the Elven Halls.
 25352 | Orc:2    | Noticed an orc warlord
 25569 | Orc:1    | Killed an orc warlord
 26001 | Orc:2    | Killed an orc warlord
 26269 | Orc:2    | Paralysed by an orc sorcerer for 2 turns
 26395 | Orc:2    | Found Cyisian's Firing Range.
 26970 | Orc:2    | Found Woqeaz's Antique Armour Emporium.
 26971 | Orc:2    | Found Kesmaop's Antique Weapon Emporium.
 26973 | Orc:2    | Found Ythyddub's General Store.
 26973 | Orc:2    | Found Wuqips's Jewellery Shoppe.
 27160 | Orc:2    | Bought a +5 ring of evasion for 432 gold pieces
 27160 | Orc:2    | Bought a +4 ring of protection for 432 gold pieces
 27164 | Orc:2    | Bought a ring of see invisible for 180 gold pieces
 27378 | D:12     | Reached skill level 5 in Earth Magic
 28802 | D:13     | Found a portal to a secret trove of treasure.
 29722 | D:13     | Reached XP level 16. HP: 116/116 MP: 13/22
 30649 | D:14     | Found a gate to the Vaults.
 31219 | D:15     | Entered Level 15 of the Dungeon
 31791 | D:15     | Found a stormy altar of Qazlal.
 32336 | D:15     | Found an ornate altar of the Wu Jian Council.
 32640 | D:15     | Found a staircase to the Depths.
 33236 | Swamp:1  | Entered Level 1 of the Swamp
 33276 | Swamp:1  | Found a frozen archway.
 33287 | IceCv    | Entered an ice cave
 33741 | IceCv    | Found an ancient bone altar of Kikubaaqudgha.
 35286 | Swamp:1  | Reached skill level 5 in Spellcasting
 35909 | Swamp:2  | Reached XP level 17. HP: 123/123 MP: 21/24
 35985 | Swamp:2  | Reached skill level 10 in Earth Magic
 36495 | Swamp:2  | Killed from afar by a will-o-the-wisp

Illustrated notes

Levels and vault maps discovered:
D:1:      evilmike_arrival_home_sweet_home, layout_loops_corners, st_stairs_13
D:2:      layout_loops_ring, basic_altar, grunt_ministairs_3, minmay_hedge_maze,
          minmay_tromino_mix6
D:3:      layout_basic, grunt_temple_overflow_open,
          mainiacjoe_overflow_concentric_impassable,
          nicolae_ecumenical_lake_church
D:4:      layout_basic, serial_shops, kennysheep_mini_moat, enter_ossuary_1
D:5:      layout_rooms, kennysheep_mini, corexii_shack, uniq_grinder,
          uniq_menkaure, uniq_blork_the_orc
D:6:      layout_rooms, minmay_temple_entry_large_hall, serial_bayou_ford_a,
          uniq_crazy_yiuf_cottage, uniq_eustachio
D:7:      layout_basic, fedhas_altar_1, minmay_circle_x
D:8:      layout_basic, mainiacjoe_overflow_surrounded_room,
          gammafunk_ghost_necromancy, enter_bailey_7
D:9:      layout_loops_ring, chequers_temple_overflow_minitemple,
          gammafunk_ghost_smash, minmay_fractal_squares_gapless_5
D:10:     layout_rooms, hex_large, uniq_fannar
D:11:     cheibrodos_wizards_tower, layout_irregular_city,
          hellmonk_lair_entry_icy, david_orc_5, gammafunk_ghost_hydra_chop
D:12:     nzn_winding_woodlands_three_and_one
          [nzn_winding_woodlands_5x15_concentric,
          nzn_winding_woodlands_5x15_pool, nzn_winding_woodlands_5x15_crooked,
          nzn_winding_woodlands_center_garden], layout_basic,
          lemuel_another_geyser
D:13:     layout_loops_ring, enter_trove_3, uniq_lodul
D:14:     layout_long_grid, erik_vaults_1, minmay_door_square
D:15:     gammafunk_enter_depths_forms, layout_loops_cross,
          nicolae_qazlal_scattered_showers, special_room [special_room_orc],
          nicolae_wu_jian_wuxing_cycle
Temple:   hellmonk_temple_micro_hex
Lair:1:   layout_roguey
Lair:2:   layout_long_grid, skrybe_swamp_entry_bodies,
          nicolae_volcano_entry_batcave, guppyfry_lair_drakes
Lair:3:   layout_concentric_octagons, nicolae_spider_entry_lesser_pyramids,
          minmay_shattered_shrine, serial_bayou_shore_a, lemuel_fruit_fields,
          infiniplex_staircase_pool_2, lemuel_fruit_tree
Lair:4:   layout_regular_city, st_stairs_6, serial_bayou_lagoon_a,
          infiniplex_staircase_pool
Lair:5:   evil_forest, layout_regular_city, slime_entry_1,
          ebering_ghost_rock_garden, minmay_lindwurm_lava
Swamp:1:  layout_falls_marsh, portal_ice_cave_entry_frozen_things,
          nicolae_swamp_treefoil, swamp_pool3, nicolae_swamp_well_well_well
Swamp:2:  layout_falls_marsh, evilmike_swamp_ruin_wall
Orc:1:    layout_caves, uniq_maurice
Orc:2:    st_orc_congregation, layout_diamond_mine, nicolae_shop_firing_range

Skill      XL: |  1  2  3  4  5  6  7  8  9 10 11 12 13 14 15 16 17 |
---------------+----------------------------------------------------+-----
Fighting       | 2 3 4 5 6 7 8 9 10 11 12 13 | 13.5
Transmutations | 3 4 6 7 8 9 10 11 12 13 | 13.7
Unarmed Combat | 4 5 6 7 8 9 10 11 12 13 | 13.8
Ice Magic      | 1 2 3 5 6 7 8 9 10 11 | 11.3
Air Magic      | 2 4 5 7 8 9 |  9.0
Conjurations   | 2 4 5 7 8 9 |  9.0
Spellcasting   | 4 5 |  5.4
Earth Magic    | 6 9 10 | 10.2
Dodging        | |  2.0

Action                     |  1- 3 |  4- 6 |  7- 9 | 10-12 | 13-15 | 16-18 || total
---------------------------+-------+-------+-------+-------+-------+-------++-------
  Melee: Unarmed           |    61 |   162 |   198 |   451 |   804 |   421 ||  2097
         Constrict         |    18 |    27 |     2 |     4 |     4 |     2 ||    57
         Tentacles         |    12 |    31 |     2 |     3 |    15 |     8 ||    71
         Kick              |    10 |    40 |     4 |       |       |       ||    54
         Punch             |     2 |     6 |     1 |     1 |       |     3 ||    13
         Staff             |       |       |       |     3 |    19 |    19 ||    41
  Throw: Javelin           |     2 |     6 |     2 |       |       |       ||    10
         Dart              |       |     2 |     7 |       |       |       ||     9
   Cast: Beastly Appendage |    22 |    31 |     6 |       |       |       ||    59
         Wereblood         |     1 |    12 |     9 |    23 |    25 |    14 ||    84
         Ice Form          |       |     1 |    22 |    47 |    84 |    41 ||   195
         Freezing Cloud    |       |       |       |    16 |    82 |    32 ||   130
         Irradiate         |       |       |       |       |     8 |     8 ||    16
         Statue Form       |       |       |       |       |     1 |     2 ||     3
 Invoke: Serpent's Lash    |       |       |       |     2 |     5 |     2 ||     9
         Heavenly Storm    |       |       |       |       |     1 |       ||     1
Ability: Lunge             |       |       |    16 |    43 |    91 |    45 ||   195
         Whirlwind         |       |       |       |     7 |    13 |    10 ||    30
  Evoke: Wand              |       |       |     4 |    24 |    17 |    15 ||    60
         Phantom mirror    |       |       |       |     3 |     2 |       ||     5
         Phial of floods   |       |       |       |       |     2 |     1 ||     3
         Box of beasts     |       |       |       |       |     1 |     1 ||     2
         Lightning rod     |       |       |       |       |     4 |     3 ||     7
         Tin of tremorston |       |       |       |       |     1 |     1 ||     2
    Use: Potion            |       |     2 |     4 |    13 |     6 |     3 ||    28
         Scroll            |       |    10 |     4 |    18 |     7 |     2 ||    41
   Stab: Sleeping          |     9 |     4 |       |       |     2 |       ||    15
         Distracted        |       |       |       |     1 |     1 |     1 ||     3
         Invisible         |       |       |       |     1 |       |       ||     1
         Petrified         |       |       |       |       |     2 |       ||     2
 Armour: Skin              |     7 |   162 |    40 |   152 |   215 |   146 ||   722
  Dodge: Dodged            |    31 |    77 |    63 |   171 |   338 |   234 ||   914
  Block: Other             |       |       |       |       |       |    64 ||    64
         Reflection        |       |       |       |       |       |     4 ||     4

Table legend: (Time is in decaauts)
 A = Elapsed time spent in this place.
 B = Non-inter-level travel time spent in this place.
 C = Inter-level travel time spent in this place.
 D = Time resting spent in this place.
 E = Time spent auto-exploring this place.
 F = Levels seen in this place.
 G = Mean time per level.
                   A        B        C        D        E       F      G
               +--------+--------+--------+--------+--------+-----+--------+
         Total |  36371 |  34422 |   1949 |   7191 |  18696 |  27 | 1347.1 |
       Dungeon |  19869 |  18643 |   1226 |   3778 |   9928 |  15 | 1324.6 |
        Temple |     14 |      8 |      6 |      0 |      0 |   1 |   14.0 |
          Lair |  10078 |   9570 |    508 |   1663 |   6109 |   5 | 2015.6 |
         Swamp |   1967 |   1931 |     36 |    449 |   1071 |   2 |  983.5 |
  Orcish Mines |   2751 |   2579 |    172 |    662 |   1182 |   2 | 1375.5 |
       Ossuary |    368 |    368 |      0 |     12 |    245 |   1 |  368.0 |
      Ice Cave |   1321 |   1321 |      0 |    627 |    161 |   1 | 1321.0 |
               +--------+--------+--------+--------+--------+-----+--------+

Top non-repeatable levels by time:
  Lair:5: 2981 daAuts
    D:11: 2303 daAuts
    D:12: 2083 daAuts
  Lair:3: 2019 daAuts
     D:9: 1962 daAuts
    D:13: 1890 daAuts
   Orc:2: 1872 daAuts
  Lair:2: 1840 daAuts
    D:15: 1749 daAuts
  Lair:1: 1702 daAuts
  Lair:4: 1534 daAuts
     D:8: 1503 daAuts
 Swamp:1: 1329 daAuts
   IceCv: 1321 daAuts
     D:5: 1153 daAuts
